General information
- name: BNet
- type: Ladder team game (AT/RT)
- host: Battle.net
- saver: HERNaNDO
map: Monsoon
- players: 6
- length: 102:09
- speed: Fast
- version: 1.21 W3XP
- replay type: Public
» download(612 KB)
Players
team 1 (loser)
APOCALYPSE.PLZ. (
green | 155 APM | 15805 actions | 102:06)
8 Death Knight
3 Death Coil
3 Unholy Aura
2 Animate Dead
7 Lich
3 Frost Nova
2 Dark Ritual
1 Death and Decay
1 Frost Armor
5 Dreadlord
3 Sleep
2 Vampiric Aura
» actions
| Assign group hotkey | 97 | |
| Basic commands | 28 | |
| Build / train | 163 | |
| ESC pressed | 22 | |
| Enter build submenu | 46 | |
| Enter hero's abilities submenu | 26 | |
| Give item / drop item | 5 | |
| Right click | 4227 | |
| Select / deselect | 2209 | |
| Select group hotkey | 8505 | |
| Use ability | 475 | |
15805 total
» units
| Acolyte | 36 | |
| Ghoul | 11 | |
| Crypt Fiend | 15 | |
| Frost Wyrm | 11 | |
| Meatwagon | 8 | |
| Gargoyle | 5 | |
86 total
» upgrades
| Creature Attack | 4 | |
| Web | 1 | |
| Creature Carapace | 3 | |
| Freezing Breath | 1 | |
9 total
» buildings
| Crypt | 2 | |
| Graveyard | 1 | |
| Altar of Darkness | 1 | |
| Ziggurat | 25 | |
| Tomb of Relics | 4 | |
| Nerubian Tower | 3 | |
| Halls of the Dead | 5 | |
| Black Citadel | 3 | |
| Necropolis | 4 | |
| Spirit Tower | 7 | |
| Sacrificial Pit | 1 | |
| Boneyard | 4 | |
| Slaughterhouse | 3 | |
63 total
» build order
00:07 Crypt
00:08 Graveyard
00:43 Altar of Darkness
01:01 Ziggurat
01:25 Tomb of Relics
02:04 Ziggurat
02:43 Nerubian Tower
03:53 Ziggurat
04:16 Halls of the Dead
04:16 Halls of the Dead
04:16 Halls of the Dead
05:40 Ziggurat
09:06 Ziggurat
10:25 Black Citadel
10:25 Black Citadel
10:25 Black Citadel
10:29 Necropolis
11:30 Ziggurat
11:31 Ziggurat
11:34 Ziggurat
11:36 Ziggurat
12:28 Spirit Tower
12:28 Spirit Tower
12:28 Spirit Tower
12:29 Spirit Tower
13:07 Crypt
13:12 Sacrificial Pit
14:11 Boneyard
14:12 Boneyard
16:03 Necropolis
17:23 Spirit Tower
17:37 Ziggurat
18:15 Ziggurat
18:17 Ziggurat
18:56 Ziggurat
18:57 Ziggurat
18:58 Ziggurat
18:59 Ziggurat
19:56 Spirit Tower
20:01 Spirit Tower
23:02 Ziggurat
23:04 Ziggurat
23:28 Ziggurat
23:37 Ziggurat
23:39 Ziggurat
23:40 Ziggurat
23:47 Tomb of Relics
23:51 Tomb of Relics
25:32 Boneyard
25:35 Boneyard
26:02 Nerubian Tower
26:03 Nerubian Tower
26:42 Tomb of Relics
30:11 Slaughterhouse
30:12 Slaughterhouse
30:13 Slaughterhouse
50:50 Ziggurat
50:52 Ziggurat
50:54 Ziggurat
83:53 Necropolis
84:11 Necropolis
» items
| Rod of Necromancy | 3 | |
| Dust of Appearance | 1 | |
| Potion of Invisibility | 1 | |
| Orb of Corruption | 1 | |
| Potion of Healing | 3 | |
| Scroll of Protection | 1 | |
| Potion of Lesser Invulnerability | 1 | |
| Scroll of Town Portal | 1 | |
12 total

»
DEATHMETAL (
orange | 107 APM | 10963 actions | 102:00)
7 Archmage
2 Summon Water Elemental
3 Brilliance Aura
2 Blizzard
5 Blood Mage
3 Flame Strike
2 Siphon Mana
3 Pit Lord
2 Rain of Fire
1 Howl of Terror
1 Death Knight
1 Death Coil
» actions
| Assign group hotkey | 526 | |
| Basic commands | 568 | |
| Build / train | 199 | |
| ESC pressed | 1 | |
| Enter build submenu | 72 | |
| Enter hero's abilities submenu | 15 | |
| Give item / drop item | 9 | |
| Remove unit from queue | 2 | |
| Right click | 4878 | |
| Select / deselect | 2084 | |
| Select group hotkey | 2233 | |
| Use ability | 375 | |
10963 total
» units
| Peasant | 22 | |
| Footman | 5 | |
| Crypt Fiend | 9 | |
| Ogre Magi | 6 | |
| Priest | 6 | |
| Frost Wyrm | 29 | |
| Ghoul | 3 | |
| Siege Engine | 16 | |
| Acolyte | 14 | |
| Sorceress | 1 | |
| Mortar Team | 9 | |
| Spell Breaker | 3 | |
123 total
» upgrades
| Lumber Harvesting | 2 | |
| Masonry | 1 | |
| Priest Training | 2 | |
| Barrage | 1 | |
| Plating | 3 | |
| Freezing Breath | 1 | |
| Creature Carapace | 1 | |
| Magic Sentry | 1 | |
| Armor | 0 | |
| Flare | 1 | |
| Fragmentation Shards | 1 | |
14 total
» buildings
| Altar of Kings | 2 | |
| Farm | 13 | |
| Barracks | 1 | |
| Scout Tower | 12 | |
| Lumber Mill | 2 | |
| Arcane Tower | 1 | |
| Keep | 2 | |
| Arcane Vault | 1 | |
| Town Hall | 9 | |
| Halls of the Dead | 1 | |
| Guard Tower | 4 | |
| Ziggurat | 7 | |
| Arcane Sanctum | 2 | |
| Castle | 1 | |
| Black Citadel | 1 | |
| Sacrificial Pit | 1 | |
| Blacksmith | 1 | |
| Workshop | 5 | |
| Boneyard | 2 | |
| Necropolis | 1 | |
| Spirit Tower | 4 | |
73 total
» build order
00:16 Altar of Kings
00:20 Altar of Kings
00:22 Farm
00:37 Barracks
01:00 Farm
01:40 Scout Tower
01:48 Lumber Mill
02:45 Arcane Tower
03:11 Scout Tower
03:45 Keep
03:45 Keep
04:52 Arcane Vault
05:14 Town Hall
05:41 Halls of the Dead
05:45 Guard Tower
06:27 Farm
06:37 Ziggurat
08:10 Scout Tower
08:58 Guard Tower
09:00 Arcane Sanctum
09:51 Castle
10:02 Black Citadel
10:05 Sacrificial Pit
10:07 Ziggurat
11:08 Blacksmith
11:10 Farm
11:11 Farm
11:12 Farm
11:13 Farm
11:26 Arcane Sanctum
12:26 Workshop
12:29 Workshop
12:33 Boneyard
12:44 Boneyard
13:22 Farm
14:12 Necropolis
14:58 Farm
15:03 Farm
15:09 Lumber Mill
16:09 Spirit Tower
16:25 Farm
17:21 Town Hall
17:52 Town Hall
17:55 Town Hall
18:01 Town Hall
18:20 Ziggurat
18:21 Ziggurat
18:44 Town Hall
18:51 Farm
19:02 Farm
19:09 Spirit Tower
19:11 Spirit Tower
20:27 Workshop
20:29 Workshop
20:38 Ziggurat
23:17 Workshop
24:27 Town Hall
26:16 Town Hall
32:11 Town Hall
32:21 Scout Tower
32:22 Scout Tower
32:59 Guard Tower
33:01 Scout Tower
33:02 Scout Tower
33:03 Scout Tower
38:15 Guard Tower
44:57 Ziggurat
44:59 Ziggurat
49:49 Spirit Tower
90:47 Scout Tower
90:52 Scout Tower
90:55 Scout Tower
91:50 Scout Tower
» items
| Scroll of Regeneration | 1 | |
| Lesser Clarity Potion | 1 | |
| Scroll of Healing | 5 | |
| Potion of Lesser Invulnerability | 5 | |
| Tome of Retraining | 1 | |
| Scroll of Town Portal | 1 | |
| Potion of Invisibility | 1 | |
| Orb of Corruption | 1 | |
| Potion of Healing | 2 | |
| Rod of Necromancy | 1 | |
| Dust of Appearance | 1 | |
| Staff of Teleportation | 1 | |
21 total

»
KryolyteFunk (
pink | 130 APM | 679 actions | 05:13)
1 Death Knight
1 Death Coil
» actions
| Assign group hotkey | 20 | |
| Basic commands | 15 | |
| Build / train | 16 | |
| Enter build submenu | 8 | |
| Enter hero's abilities submenu | 1 | |
| Right click | 337 | |
| Select / deselect | 44 | |
| Select group hotkey | 219 | |
| Use ability | 19 | |
679 total
» units
| Acolyte | 3 | |
| Ghoul | 1 | |
| Crypt Fiend | 6 | |
10 total
» buildings
| Crypt | 1 | |
| Graveyard | 1 | |
| Altar of Darkness | 1 | |
| Ziggurat | 3 | |
| Tomb of Relics | 1 | |
| Nerubian Tower | 1 | |
8 total
» build order
00:09 Crypt
00:16 Graveyard
00:49 Altar of Darkness
01:03 Ziggurat
01:49 Tomb of Relics
02:16 Ziggurat
04:20 Nerubian Tower
04:22 Ziggurat
» items
| Rod of Necromancy | 1 | |
| Dust of Appearance | 1 | |
2 total
team 2 (winner)
GOKUMAN69 (
purple | 51 APM | 5252 actions | 102:06)
10 Blademaster
3 Wind Walk
3 Critical Strike
1 Bladestorm
3 Mirror Image
» actions
| Assign group hotkey | 2 | |
| Basic commands | 7 | |
| Build / train | 154 | |
| Enter build submenu | 60 | |
| Enter hero's abilities submenu | 10 | |
| Give item / drop item | 9 | |
| Remove unit from queue | 11 | |
| Right click | 2921 | |
| Select / deselect | 1107 | |
| Use ability | 971 | |
5252 total
» units
» upgrades
| Ranged Weapons | 3 | |
| Armor | 3 | |
| Liquid Fire | 1 | |
| Reinforced Defenses | 1 | |
| Spiked Barricades | 3 | |
11 total
» buildings
| Altar of Storms | 1 | |
| Orc Burrow | 5 | |
| War Mill | 1 | |
| Watch Tower | 44 | |
| Stronghold | 1 | |
| Voodoo Lounge | 4 | |
| Fortress | 1 | |
| Beastiary | 3 | |
| Great Hall | 1 | |
61 total
» build order
00:07 Altar of Storms
00:26 Orc Burrow
00:42 War Mill
02:06 Watch Tower
02:09 Watch Tower
02:42 Watch Tower
02:50 Watch Tower
03:44 Stronghold
03:48 Watch Tower
04:12 Voodoo Lounge
04:16 Watch Tower
04:56 Watch Tower
05:38 Watch Tower
05:43 Watch Tower
05:52 Orc Burrow
06:17 Fortress
06:19 Beastiary
06:20 Beastiary
06:42 Watch Tower
06:45 Watch Tower
06:48 Orc Burrow
07:13 Orc Burrow
08:07 Watch Tower
08:08 Watch Tower
08:11 Watch Tower
09:06 Voodoo Lounge
09:23 Voodoo Lounge
10:31 Watch Tower
10:32 Watch Tower
10:34 Watch Tower
11:06 Voodoo Lounge
11:39 Watch Tower
11:58 Watch Tower
12:38 Watch Tower
12:40 Watch Tower
13:17 Great Hall
14:27 Watch Tower
14:30 Watch Tower
14:31 Watch Tower
16:02 Watch Tower
16:05 Watch Tower
16:06 Watch Tower
17:38 Beastiary
17:46 Watch Tower
19:03 Watch Tower
19:41 Watch Tower
20:19 Watch Tower
20:26 Watch Tower
20:28 Watch Tower
22:20 Watch Tower
22:23 Watch Tower
22:37 Watch Tower
22:40 Watch Tower
23:55 Watch Tower
25:58 Watch Tower
27:35 Watch Tower
27:38 Watch Tower
38:20 Watch Tower
39:42 Watch Tower
39:43 Watch Tower
53:24 Orc Burrow
» items
| Boots of Speed | 1 | |
| Staff of Teleportation | 1 | |
| Healing Salve | 3 | |
| Lesser Clarity Potion | 2 | |
| Potion of Healing | 1 | |
| Orb of Lightning | 1 | |
| Potion of Lesser Invulnerability | 12 | |
| Scroll of Town Portal | 1 | |
22 total
HERNaNDO (
red | 39 APM | 3984 actions | 102:09)
9 Archmage
3 Blizzard
3 Brilliance Aura
1 Mass Teleport
2 Summon Water Elemental
» actions
| Assign group hotkey | 26 | |
| Basic commands | 102 | |
| Build / train | 173 | |
| ESC pressed | 7 | |
| Enter build submenu | 99 | |
| Enter hero's abilities submenu | 8 | |
| Give item / drop item | 2 | |
| Remove unit from queue | 4 | |
| Right click | 1604 | |
| Select / deselect | 904 | |
| Select group hotkey | 643 | |
| Use ability | 412 | |
3984 total
» units
| Peasant | 20 | |
| Mortar Team | 16 | |
| Sorceress | 10 | |
| Priest | 5 | |
| Flying Machine | 1 | |
52 total
» upgrades
| Masonry | 3 | |
| Magic Sentry | 1 | |
| Sorceress Training | 2 | |
| Flare | 1 | |
| Gunpowder | 3 | |
| Armor | 3 | |
| Priest Training | 2 | |
| Fragmentation Shards | 1 | |
| Control Magic | 0 | |
16 total
» buildings
| Lumber Mill | 1 | |
| Altar of Kings | 1 | |
| Farm | 5 | |
| Scout Tower | 165 | |
| Guard Tower | 69 | |
| Keep | 1 | |
| Blacksmith | 1 | |
| Arcane Sanctum | 1 | |
| Town Hall | 2 | |
| Workshop | 2 | |
| Castle | 1 | |
| Arcane Tower | 2 | |
| Arcane Vault | 1 | |
252 total
» build order
00:13 Lumber Mill
00:20 Altar of Kings
00:35 Farm
00:36 Farm
01:39 Scout Tower
01:53 Scout Tower
01:55 Scout Tower
01:57 Scout Tower
02:09 Guard Tower
02:11 Scout Tower
02:12 Scout Tower
02:28 Scout Tower
02:30 Guard Tower
02:32 Scout Tower
02:45 Guard Tower
02:46 Scout Tower
02:48 Scout Tower
02:57 Scout Tower
02:57 Scout Tower
02:59 Scout Tower
03:03 Guard Tower
03:17 Guard Tower
03:23 Guard Tower
03:28 Guard Tower
03:36 Guard Tower
03:38 Scout Tower
03:44 Scout Tower
03:45 Scout Tower
03:55 Guard Tower
03:57 Scout Tower
03:58 Scout Tower
04:15 Scout Tower
04:22 Guard Tower
04:26 Guard Tower
04:28 Scout Tower
04:29 Scout Tower
04:42 Guard Tower
04:45 Scout Tower
05:27 Scout Tower
05:33 Guard Tower
05:40 Scout Tower
05:44 Guard Tower
05:46 Scout Tower
05:48 Scout Tower
05:50 Scout Tower
05:53 Scout Tower
06:02 Keep
06:10 Scout Tower
06:15 Scout Tower
06:18 Guard Tower
06:40 Guard Tower
06:43 Scout Tower
06:44 Guard Tower
06:45 Scout Tower
06:46 Scout Tower
06:50 Scout Tower
06:52 Guard Tower
06:56 Scout Tower
06:57 Scout Tower
06:59 Scout Tower
07:01 Scout Tower
07:20 Blacksmith
07:30 Farm
07:32 Farm
07:33 Farm
07:58 Guard Tower
08:01 Scout Tower
08:02 Scout Tower
08:03 Scout Tower
08:04 Scout Tower
08:09 Guard Tower
08:11 Scout Tower
08:16 Scout Tower
08:17 Scout Tower
08:19 Scout Tower
08:33 Arcane Sanctum
08:44 Guard Tower
08:45 Guard Tower
08:56 Town Hall
09:02 Scout Tower
09:03 Guard Tower
09:07 Scout Tower
09:08 Scout Tower
09:10 Guard Tower
09:39 Guard Tower
09:42 Guard Tower
09:51 Workshop
09:57 Workshop
10:01 Guard Tower
10:04 Scout Tower
10:05 Scout Tower
10:06 Scout Tower
10:08 Scout Tower
10:09 Scout Tower
10:11 Scout Tower
10:15 Guard Tower
10:21 Scout Tower
10:22 Scout Tower
10:23 Scout Tower
10:25 Scout Tower
10:47 Guard Tower
10:52 Scout Tower
10:57 Scout Tower
11:00 Guard Tower
11:04 Guard Tower
11:28 Guard Tower
11:33 Scout Tower
11:35 Scout Tower
11:37 Scout Tower
12:36 Guard Tower
12:46 Guard Tower
13:16 Guard Tower
13:19 Guard Tower
14:03 Scout Tower
14:05 Scout Tower
14:07 Scout Tower
14:10 Castle
14:17 Scout Tower
14:18 Scout Tower
14:20 Guard Tower
14:23 Guard Tower
14:24 Guard Tower
14:29 Scout Tower
14:30 Scout Tower
14:31 Scout Tower
14:32 Scout Tower
14:49 Scout Tower
14:49 Scout Tower
14:50 Scout Tower
14:53 Scout Tower
14:54 Scout Tower
14:55 Scout Tower
14:56 Scout Tower
16:00 Guard Tower
16:47 Guard Tower
17:38 Scout Tower
17:39 Scout Tower
17:42 Scout Tower
17:43 Scout Tower
17:45 Scout Tower
17:46 Scout Tower
17:47 Scout Tower
17:47 Scout Tower
17:49 Scout Tower
17:50 Scout Tower
17:52 Scout Tower
17:52 Scout Tower
17:54 Scout Tower
17:55 Scout Tower
17:56 Scout Tower
17:57 Scout Tower
18:00 Scout Tower
18:06 Guard Tower
18:07 Guard Tower
18:18 Guard Tower
18:24 Arcane Tower
18:35 Guard Tower
18:40 Guard Tower
19:01 Town Hall
19:03 Guard Tower
19:15 Guard Tower
19:34 Guard Tower
20:04 Guard Tower
20:08 Scout Tower
20:09 Scout Tower
20:12 Scout Tower
20:13 Scout Tower
20:14 Scout Tower
20:15 Scout Tower
20:16 Scout Tower
20:17 Scout Tower
20:23 Scout Tower
20:23 Scout Tower
20:24 Scout Tower
20:42 Guard Tower
23:26 Guard Tower
23:57 Scout Tower
23:58 Scout Tower
23:59 Scout Tower
24:00 Scout Tower
24:02 Scout Tower
24:03 Scout Tower
24:03 Scout Tower
24:15 Guard Tower
25:45 Guard Tower
25:51 Scout Tower
25:52 Scout Tower
25:54 Scout Tower
26:01 Guard Tower
26:04 Scout Tower
26:05 Scout Tower
26:07 Scout Tower
26:08 Scout Tower
26:36 Guard Tower
26:49 Scout Tower
26:53 Guard Tower
27:18 Guard Tower
27:20 Scout Tower
27:21 Scout Tower
27:22 Scout Tower
27:22 Scout Tower
27:32 Guard Tower
27:40 Guard Tower
27:51 Guard Tower
27:53 Scout Tower
27:55 Scout Tower
27:56 Scout Tower
27:57 Scout Tower
27:59 Scout Tower
28:00 Scout Tower
29:08 Guard Tower
29:31 Guard Tower
38:06 Scout Tower
38:07 Scout Tower
38:08 Scout Tower
38:09 Scout Tower
38:10 Scout Tower
38:11 Scout Tower
38:13 Scout Tower
38:13 Scout Tower
38:15 Scout Tower
38:16 Scout Tower
38:16 Scout Tower
38:18 Scout Tower
38:19 Scout Tower
38:33 Scout Tower
38:35 Scout Tower
38:37 Scout Tower
38:39 Scout Tower
38:40 Scout Tower
38:41 Scout Tower
38:42 Scout Tower
38:43 Scout Tower
38:44 Scout Tower
38:45 Guard Tower
39:37 Guard Tower
39:39 Scout Tower
39:41 Scout Tower
39:42 Scout Tower
39:43 Guard Tower
39:56 Guard Tower
40:10 Guard Tower
40:12 Guard Tower
43:03 Scout Tower
43:04 Scout Tower
43:05 Scout Tower
43:06 Scout Tower
43:07 Scout Tower
43:09 Scout Tower
43:10 Scout Tower
47:25 Arcane Tower
50:33 Arcane Vault
» items
| Orb of Lightning | 1 | |
| Healing Salve | 1 | |
| Scroll of Town Portal | 7 | |
| Mechanical Critter | 6 | |
| Staff of Sanctuary | 1 | |
| Orb of Fire | 2 | |
18 total
Nizari (
teal | 47 APM | 4807 actions | 102:06)
10 Warden
3 Shadow Strike
3 Blink
1 Spirit of Vengeance
3 Fan of Knives
» actions
| Basic commands | 29 | |
| Build / train | 90 | |
| ESC pressed | 1 | |
| Enter build submenu | 27 | |
| Enter hero's abilities submenu | 11 | |
| Give item / drop item | 5 | |
| Remove unit from queue | 7 | |
| Right click | 2951 | |
| Select / deselect | 815 | |
| Use ability | 870 | |
4807 total
» units
» upgrades
| Strength of the Wild | 3 | |
| Corrosive Breath | 1 | |
| Reinforced Hides | 3 | |
| Well Spring | 1 | |
| Ultravision | 1 | |
9 total
» buildings
| Altar of Elders | 1 | |
| Moon Well | 28 | |
| Ancient of Wonders | 1 | |
| Tree of Ages | 1 | |
| Ancient of Wind | 2 | |
| Hunter's Hall | 1 | |
| Tree of Life | 1 | |
| Tree of Eternity | 1 | |
| Chimaera Roost | 2 | |
38 total
» build order
00:11 Altar of Elders
01:16 Moon Well
01:35 Moon Well
01:50 Ancient of Wonders
04:59 Tree of Ages
11:34 Moon Well
11:36 Moon Well
11:46 Ancient of Wind
13:33 Ancient of Wind
15:51 Moon Well
15:52 Moon Well
15:53 Moon Well
15:57 Moon Well
16:00 Moon Well
16:01 Moon Well
17:08 Moon Well
22:40 Hunter's Hall
23:40 Tree of Life
26:28 Moon Well
26:30 Moon Well
26:31 Moon Well
26:33 Moon Well
26:39 Moon Well
26:40 Moon Well
26:42 Moon Well
26:45 Moon Well
26:52 Tree of Eternity
29:35 Moon Well
29:37 Moon Well
29:39 Moon Well
29:47 Moon Well
29:48 Moon Well
29:54 Moon Well
29:57 Moon Well
30:00 Moon Well
30:16 Chimaera Roost
30:43 Moon Well
61:34 Chimaera Roost
» items
| Boots of Speed | 1 | |
| Staff of Teleportation | 1 | |
| Orb of Lightning | 1 | |
| Potion of Healing | 1 | |
| Potion of Mana | 3 | |
7 total
Chat log
(00:07 / All) HERNaNDO: GLHF
(00:12 / All) DEATHMETAL: HER
(00:15 / All) HERNaNDO: YEEEHAW
(00:44 / All) HERNaNDO: WAZZAA
(00:53 / All) DEATHMETAL: HERNAA
(00:55 / All) HERNaNDO: I LOST A LOT OF GAMES TODAY
(00:58 / All) KryolyteFunk: STFU MEXICAN SHIT
(00:59 / All) HERNaNDO: CUZ OF U
(01:02 / All) HERNaNDO: GUYS
(01:04 / All) DEATHMETAL: me?
(01:08 / All) HERNaNDO: YEA U HACKED MY PC
(01:11 / All) KryolyteFunk: STFU MEXICAN SHIT PART 2
(01:13 / All) HERNaNDO: FUCK U
(01:14 / All) APOCALYPSE.PLZ.: yea blame em for ur loses
(01:15 / All) DEATHMETAL: XD
(01:19 / All) KryolyteFunk: CAN U STFU MEXICAN SHIT?
(01:22 / All) HERNaNDO: I CAN
(01:23 / All) HERNaNDO: BUT I WONT
(01:24 / All) HERNaNDO: HAHAHA
(01:26 / All) KryolyteFunk: EAT TAKO
(01:27 / All) KryolyteFunk: AAAHHAA
(01:29 / All) GOKUMAN69: WET BACK HATERS
(01:35 / All) DEATHMETAL: ZIGA ZAGA
(01:37 / All) APOCALYPSE.PLZ.: guess what - they want u to lose again
(01:40 / All) KryolyteFunk: REDHEADED STFU TOO
(01:59 / All) DEATHMETAL: whitepower!
(02:03 / All) HERNaNDO: WHITEPOWER
(02:06 / All) KryolyteFunk: zomg
(02:10 / All) KryolyteFunk: im playing with a fucking racist
(02:13 / All) GOKUMAN69: I HATE NIGGERS
(02:15 / All) DEATHMETAL: Xd
(02:16 / All) HERNaNDO: GET OUT OF MY BASE
(02:36 / All) KryolyteFunk: CLOWNAS ARENT ALLOWED
(03:24 / All) HERNaNDO: CARAMIA
(03:40 / All) GOKUMAN69: nice hero
(03:45 / All) KryolyteFunk: WTF THIS
(03:52 / All) HERNaNDO: NICE HERO... DID THAT NIGGA GET A MANICURE?
(03:54 / All) GOKUMAN69: hero death
(04:37 / All) HERNaNDO: DEATH NKIGHT
(04:49 / All) HERNaNDO: BARON
(05:17 / All) HERNaNDO: LMAO
(05:29 / All) HERNaNDO: WHATS UP GUTYS
(05:31 / All) HERNaNDO: DID HE DISCONECT
(08:22 / All) HERNaNDO: GYUYS
(08:24 / All) HERNaNDO: WHERES UR TEAMMATE
(08:33 / All) GOKUMAN69: Rage quit?
(08:45 / All) DEATHMETAL: give up
(08:56 / All) HERNaNDO: AIITE
(09:17 / All) HERNaNDO: 111111111111111111111111111111111
(09:29 / All) HERNaNDO: PEON EXPLORER
(10:26 / All) HERNaNDO: IM A NERD
(10:29 / All) HERNaNDO: WHAT DO U THINK OF THAT
(10:32 / All) HERNaNDO: ????????
(10:37 / All) HERNaNDO: EOE03030E030E03
(10:38 / All) HERNaNDO: AHAHAH
(10:39 / All) HERNaNDO: FUCK U
(11:21 / All) HERNaNDO: MY PARENTS ARE GOING TO VEGAS SOON
(11:23 / All) HERNaNDO: U GUYS BEEN?>
(11:38 / All) HERNaNDO: GL HF
(12:14 / All) HERNaNDO: U KNOW HOW MUCH CASH I GOT IRL
(12:15 / All) HERNaNDO: THOUSANDS
(12:20 / All) HERNaNDO: WHAT DO U THINK
(12:39 / All) HERNaNDO: MASS FIENDS
(12:42 / All) HERNaNDO: MAMMA MIA!
(17:11 / All) HERNaNDO: MAMMA MIA
(18:55 / All) HERNaNDO: GET OUTTA HERE
(23:11 / All) HERNaNDO: MMMAMMMMAMMAMMAMAMIA
(24:33 / All) HERNaNDO: MAMMAMAMMIA
(24:40 / All) HERNaNDO: CARA MIA
(25:39 / All) HERNaNDO: KEWL
(27:48 / All) HERNaNDO: I WANT MY MONEY BACK
(28:32 / All) HERNaNDO: THE END JSUTIFY DE MEAN
(30:24 / All) HERNaNDO: BERLIN 4 EVER
(30:40 / All) HERNaNDO: WHATS UR OPINION OF BERLIN
(31:02 / All) HERNaNDO: DEATJ ,METL
(31:25 / All) HERNaNDO: MMMMUMMATABEH
(32:48 / All) HERNaNDO: WAZZZAAA
(33:31 / All) HERNaNDO: COLD WORM
(33:32 / All) GOKUMAN69: cold wyrm
(36:47 / All) HERNaNDO: HUUUAH
(39:14 / All) GOKUMAN69: you lose I think
(39:17 / All) GOKUMAN69: you see
(39:17 / All) HERNaNDO: WAZZAAA
(39:20 / All) GOKUMAN69: we have more gold
(39:26 / All) GOKUMAN69: we aren't minin in upkeep
(39:33 / All) GOKUMAN69: get out
(40:08 / All) HERNaNDO: IN THE BLINK OF AN EYE
(41:15 / All) HERNaNDO: MMMMOMMATOBBEH
(41:45 / All) HERNaNDO: BAD BOYS BAD BOYS
(43:14 / All) GOKUMAN69: why would you mine in up keep broz?
(43:16 / All) HERNaNDO: W0RM
(43:19 / All) HERNaNDO: C0LDW0RM
(45:08 / All) HERNaNDO: THE END
(45:11 / All) HERNaNDO: JUSTIFY
(45:12 / All) HERNaNDO: DE
(45:13 / All) HERNaNDO: MEANS
(48:19 / All) HERNaNDO: UPGRAAADE COMPLETE
(48:26 / All) HERNaNDO: GUESS WHAT UPGRADE I GOT
(48:36 / All) HERNaNDO: GUESS
(48:38 / All) GOKUMAN69: you should have just raged quit
(48:48 / All) HERNaNDO: GUESS
(48:49 / All) DEATHMETAL: u had nothing
(49:02 / All) GOKUMAN69: we have awesome heros
(49:06 / All) GOKUMAN69: and pro skillsz
(49:07 / All) DEATHMETAL: so?
(49:10 / All) HERNaNDO: I GOT THE POWER OF LOVE
(49:10 / All) DEATHMETAL: ahahaha
(49:13 / All) HERNaNDO: AHAHAHAHA
(49:24 / All) GOKUMAN69: also we got 26 k
(49:29 / All) HERNaNDO: I GOT 2K
(49:43 / All) GOKUMAN69: Im not sharin with him
(49:43 / All) APOCALYPSE.PLZ.: i got 4k so ?
(49:47 / All) GOKUMAN69: he is gay
(49:57 / All) HERNaNDO: DUKE WUNTERMAL
(50:18 / All) HERNaNDO: DUKE WINTERMULLET
(51:37 / All) GOKUMAN69: thanks for 10
(51:41 / All) HERNaNDO: NUMBA ONE
(51:42 / All) GOKUMAN69: leave
(51:59 / All) HERNaNDO: COLD WORM
(52:27 / All) HERNaNDO: GG... WE DONE 4
(53:15 / All) GOKUMAN69: how much gold you got?
(53:19 / All) DEATHMETAL: 20
(53:24 / All) DEATHMETAL: k
(53:28 / All) APOCALYPSE.PLZ.: 3k
(53:29 / All) HERNaNDO: I GOT 1.5 NOW
(54:54 / All) GOKUMAN69: ahhh
(55:37 / All) GOKUMAN69: leave
(55:39 / All) HERNaNDO: GG
(55:42 / All) APOCALYPSE.PLZ.: fuck u
(55:48 / All) GOKUMAN69: rage quit and QQ more
(55:50 / All) HERNaNDO: QQ
(55:51 / All) DEATHMETAL: i want to play
(55:52 / All) HERNaNDO: QQ
(55:52 / All) HERNaNDO: QQ
(56:40 / All) HERNaNDO: MAMMA MIA
(56:44 / All) GOKUMAN69: you lose
(56:48 / All) HERNaNDO: G G GUYSE
(56:52 / All) APOCALYPSE.PLZ.: u sure?
(56:56 / All) HERNaNDO: NAW
(56:57 / All) GOKUMAN69: beat us
(57:03 / All) APOCALYPSE.PLZ.: sec
(57:08 / All) HERNaNDO: SEXXXXXX
(57:38 / All) HERNaNDO: HAHAHA
(58:28 / All) GOKUMAN69: hero still here
(58:33 / All) HERNaNDO: MAMMA MIA
(59:15 / All) HERNaNDO: HELP
(59:19 / All) HERNaNDO: IM BEING OWNED
(60:16 / All) HERNaNDO: NICE
(60:17 / All) HERNaNDO: TANX
(60:27 / All) GOKUMAN69: QQ more GG
(60:32 / All) HERNaNDO: WELLLLL NOW
(60:37 / All) DEATHMETAL: ignored
(60:42 / All) HERNaNDO: IGNORED!! DDDDAMN
(60:46 / All) GOKUMAN69: GG
(61:35 / All) GOKUMAN69: leave
(61:45 / All) HERNaNDO: PIMP NIGGA
(61:49 / All) HERNaNDO: PLUG HARDER
(61:58 / All) HERNaNDO: NICE JOB
(63:15 / All) HERNaNDO: WHAT DID YALL HAVE FOR BREAKFAST AND LUNCH
(63:23 / All) HERNaNDO: ????
(63:59 / All) HERNaNDO: UWAUH
(64:08 / All) GOKUMAN69: bye
(64:13 / All) HERNaNDO: SMELL YA L8R
(64:30 / All) DEATHMETAL: u so boring no skill just mass towers
(64:39 / All) HERNaNDO: YEA
(64:41 / All) HERNaNDO: IM A DOG SHIT
(64:56 / All) GOKUMAN69: SMartfella fartsmella
(66:21 / All) DEATHMETAL: XD
(66:23 / All) HERNaNDO: XD
(66:24 / All) GOKUMAN69: Gg
(66:26 / All) GOKUMAN69: we lose
(66:27 / All) GOKUMAN69: XD
(66:34 / All) HERNaNDO: GONNA TURN THIS GAME AROUND
(66:40 / All) Nizari: save the warden save the world
(66:41 / All) APOCALYPSE.PLZ.: nonono u have am n some sorc morts
(66:47 / All) HERNaNDO: YEP
(67:06 / All) GOKUMAN69: your getting owned by am and sorcs
(67:30 / All) APOCALYPSE.PLZ.: xD
(67:32 / All) HERNaNDO: XD
(68:03 / All) HERNaNDO: XD
(68:28 / All) HERNaNDO: DAMN!! GG
(68:47 / All) HERNaNDO: WAZZAAA
(69:33 / All) HERNaNDO: WAZZAAA
(70:25 / All) HERNaNDO: WAZZZAAAA
(70:35 / All) HERNaNDO: WAZZZZZZZZZAAAAAAAABBBBBI
(70:38 / All) HERNaNDO: GG
(70:47 / All) HERNaNDO: IM ASHAMED A T MY NooBnESS
(70:55 / All) HERNaNDO: CAN U TELL ME WHATS IT LIKE 2 BE PR0
(71:08 / All) HERNaNDO: CAN I HAVE PRO COLDWORM MASSING SKILLZ
(71:25 / All) Nizari: srsly wtf was up with the 5 billion boneyards
(71:34 / All) HERNaNDO: B0N3YARD
(71:38 / All) HERNaNDO: BONERYRD
(73:13 / All) HERNaNDO: WHERE DID UR BASES GO
(73:20 / All) HERNaNDO: BRO
(73:22 / All) HERNaNDO: ?????????
(73:23 / All) HERNaNDO: BRO
(73:27 / All) HERNaNDO: BRO WHATS THE PLAN NOW
(74:54 / All) DEATHMETAL: XD
(74:57 / All) APOCALYPSE.PLZ.: XDDDDD
(74:58 / All) HERNaNDO: XD
(75:00 / All) HERNaNDO: XDD
(75:03 / All) Nizari: XDDDDDDDD
(75:13 / All) HERNaNDO: HOWS THE GAME GOIN BROS
(75:21 / All) APOCALYPSE.PLZ.: never ending dream about coil nova!!!!11
(75:32 / All) HERNaNDO: HAHAHAH
(77:00 / All) HERNaNDO: HOW MUCH GOLD U GOT
(77:06 / All) DEATHMETAL: 10 K
(77:08 / All) HERNaNDO: IM AT 857
(77:10 / All) APOCALYPSE.PLZ.: else 1.5 k lol
(77:13 / All) HERNaNDO: LOL
(77:18 / All) HERNaNDO: HOW U ENJOYING THE GAME BRSO
(77:34 / All) DEATHMETAL: sure im always enjoing
(77:39 / All) HERNaNDO: KOOL KOOL
(78:12 / All) HERNaNDO: GWAEAAH
(79:10 / All) HERNaNDO: MMMMMOMMATOBBEH
(82:16 / All) GOKUMAN69: you got me
(83:20 / All) HERNaNDO: I AM YOUR SERVANT
(84:00 / All) HERNaNDO: MMMMMOMMATOBBEH
(84:11 / All) HERNaNDO: HEY U STUPID FAGGOTS HOWS THE WEATHER IN DICK SUCKER LAND
(84:14 / All) HERNaNDO: AHAHAHA
(84:17 / All) HERNaNDO: LOOOOOOOOOSERTS
(84:22 / All) GOKUMAN69: dick lovers
(84:26 / All) DEATHMETAL: flame
(84:29 / All) HERNaNDO: NICE DICK SUCKIN
(84:33 / All) HERNaNDO: HEY ONE QUICK HONEST Q
(84:38 / All) GOKUMAN69: nigger cocks
(84:41 / All) HERNaNDO: WHATS IT LIKE LOSING A 3 HOUR GAME WITH A RAGEQUITTER FRIEND
(84:44 / All) HERNaNDO: WHAT
(84:45 / All) HERNaNDO: IS
(84:46 / All) HERNaNDO: IT
(84:47 / All) HERNaNDO: LIKE
(84:56 / All) HERNaNDO: GL HF
(85:00 / All) HERNaNDO: IM SURE THIS IS THRILLING
(85:29 / All) HERNaNDO: THE END JUSTIFY DE MEENZ
(86:52 / All) HERNaNDO: SO DUDEZ
(86:56 / All) HERNaNDO: WHAT TIME IS IT
(86:58 / All) HERNaNDO: WHERE U LIVE
(87:09 / All) HERNaNDO: ?????????????????????????????????????????????????????????????????
(87:20 / All) APOCALYPSE.PLZ.: sun is shinin
(87:24 / All) APOCALYPSE.PLZ.: its ok
(89:02 / All) HERNaNDO: WAAAAZZZZZZZAAAAAAA
(89:29 / All) HERNaNDO: M00GUL DE SLOY
(91:08 / All) HERNaNDO: DICK SUCKA
(91:09 / All) HERNaNDO: BIG FAGGA
(94:10 / All) HERNaNDO: FLAMESTRIKE
(94:14 / All) HERNaNDO: GG
(94:15 / All) HERNaNDO: DAMN
(94:16 / All) HERNaNDO: SON
(96:23 / All) HERNaNDO: INVULERNABLE
(96:24 / All) HERNaNDO: RATS!
(96:30 / All) HERNaNDO: WELP
(97:31 / All) HERNaNDO: GET ON WIDDIT
(98:07 / All) GOKUMAN69: where you am Go?
(98:22 / All) HERNaNDO: WHOS THE REAL BM
(98:24 / All) HERNaNDO: WHOM
(99:00 / All) HERNaNDO: FLAMESTRIKAH BACK
(99:06 / All) HERNaNDO: THIS SHIT JUST GOT NUTS
(100:25 / All) HERNaNDO: HIDIN HIDIN HIDIN AWAY
(101:21 / All) HERNaNDO: COLD
(101:33 / All) HERNaNDO: RUN RUN RUN RUN RUN AWWAAAAY
(101:36 / All) HERNaNDO: HAHAHA
(101:55 / All) DEATHMETAL: VI UEBKI EBANIE YOU WILL DIE TONIGHT
(102:05 / All) APOCALYPSE.PLZ.: gg
(102:05 / All) HERNaNDO: HAHAHA